 Dungeon Crawl Stone Soup version 0.27-a0-1181-g5f64966fcc (webtiles) character file.

Game seed: 14397697670728144359

13053 Strat the Covert (level 11, -3/56 HPs)
             Began as a Spriggan Fire Elementalist on May 17, 2021.
             Was an Elder of Uskayaw.
             Slain by an elephant (12 damage)
             ... on level 2 of the Lair of Beasts.
             The game lasted 00:34:35 (14395 turns).

Strat the Covert (Spriggan Fire Elementalist)      Turns: 14395, Time: 00:34:36

Health: -3/56      AC:  5    Str:  4    XL:     11   Next: 70%
Magic:  10/16      EV: 24    Int: 21    God:    Uskayaw [****..]
Gold:   766        SH:  0    Dex: 18    Spells: 1/15 levels left

rFire    + . .     SeeInvis +   a - +2 dagger (elec)
rCold    + . .     Faith    +   (shield restricted)
rNeg     . . .     Spirit   .   t - +0 robe of the Mind {rCorr Int+3}
rPois    .         Reflect  .   (helmet restricted)
rElec    .         Harm     .   y - +2 cloak
rCorr    +         Rampage  .   (gloves unavailable)
Will     +....                  (boots unavailable)
Stlth    +++++.....             G - amulet of faith
HPRegen  0.18/turn              e - ring of protection from fire
MPRegen  0.15/turn              B - ring of protection from cold

@: confusing by touch, very quick
A: very small, no large weapons, unfitting armour, see invisible, speed 3
a: Renounce Religion, Stomp, Line Pass


You were on level 2 of the Lair of Beasts.
You worshipped Uskayaw.
Uskayaw was noncommittal.
You visited 3 branches of the dungeon, and saw 13 of its levels.

You collected 766 gold pieces.

Inventory:

Hand Weapons
 a - a +2 dagger of electrocution (weapon)
 b - a +2 dagger of speed
 f - a +1 short sword
 u - a +0 rapier of freezing
Missiles
 h - 422 stones
 i - 56 poisoned darts (quivered)
 l - 4 boomerangs of dispersal
 m - 2 throwing nets
 F - 10 curare-tipped darts
Armour
 r - +0 acid dragon scales
 t - the +0 robe of the Mind (worn) {rCorr Int+3}
   (You found it on level 5 of the Dungeon)

   It affects your intelligence (+3).
   It protects you from acid and corrosion.
 y - a +2 cloak (worn)
 A - a +0 buckler
Jewellery
 e - a ring of protection from fire (left hand)
 j - a ring of flight
 B - a ring of protection from cold (right hand)
 C - an amulet of regeneration
 D - a ring of protection from cold
 G - an amulet of faith (around neck)
 P - an amulet of the acrobat
Wands
 n - a wand of polymorph (5)
 o - a wand of flame (27)
 E - a wand of iceblast (6)
 L - a wand of acid (2)
 S - a wand of digging (4)
Scrolls
 g - a scroll of fear
 q - 2 scrolls of amnesia
 v - 3 scrolls of magic mapping
 z - a scroll of enchant armour
 I - 3 scrolls of teleportation
 J - a scroll of blinking
 K - 2 scrolls of identify
 O - a scroll of fog
Potions
 c - 2 potions of flight
 d - 2 potions of magic
 k - 2 potions of lignification
 p - a potion of attraction
 s - a potion of haste
 w - 6 potions of mutation
 x - 2 potions of brilliance
 H - 2 potions of curing
 Q - 2 potions of berserk rage
 R - a potion of invisibility


   Skills:
 + Level 5.7 Fighting
 - Level 10.0 Short Blades
 - Level 10.0 Dodging
 + Level 12.3 Stealth
 - Level 2.6 Spellcasting
 - Level 2.0 Conjurations
 - Level 7.0 Hexes
 - Level 2.4 Fire Magic
 - Level 5.0 Air Magic
 - Level 6.0 Poison Magic


You had one spell level left.
You knew the following spells:

 Your Spells              Type           Power      Damage    Failure   Level
a - Foxfire               Conj/Fire      48%        2x1d6     5%          1
b - Conjure Flame         Conj/Fire      12%        6-21      17%         3
c - Mephitic Cloud        Conj/Pois/Air  21%        N/A       7%          3
d - Poisonous Vapours     Pois/Air       50%        N/A       2%          2
e - Confusing Touch       Hex            32%        N/A       2%          3
f - Ensorcelled Hibernat  Hex/Ice        34%        N/A       4%          2

Your spell library contained the following spells:

 Spells                   Type           Power      Damage    Failure   Level
 Corona                   Hex            35%        N/A       1%          1
 Shock                    Conj/Air       68%        1d7       3%          1
 Sting                    Tmut/Pois      60%        1d6       4%          1
 Sandblast                Erth           4%         2d4       14%         1
 Summon Small Mammal      Summ           8%         N/A       14%         1
 Inner Flame              Hex/Fire       22%        N/A       6%          3
 Summon Guardian Golem    Hex/Summ       17%        N/A       10%         3
 Olgreb's Toxic Radiance  Pois           28%        N/A       12%         4
 Ignite Poison            Fire/Tmut/Pois 14%        N/A       13%         3
 Airstrike                Air            11%        N/A       17%         4
 Blink                    Tloc           N/A        N/A       21%         2
 Call Imp                 Summ           2%         N/A       21%         2
 Passwall                 Tmut/Erth      1%         N/A       21%         2
 Fulminant Prism          Conj/Hex       10%        3d9       22%         4
 Stone Arrow              Conj/Erth      14%        3d7       26%         3
 Call Canine Familiar     Summ           2%         N/A       38%         3
 Gell's Gravitas          Tloc           1%         N/A       38%         3
 Lesser Beckoning         Tloc           1%         N/A       38%         3
 Teleport Other           Tloc           2%         N/A       38%         3
 Summon Lightning Spire   Summ/Air       13%        N/A       43%         4
 Sticky Flame             Conj/Fire      12%        2d4       50%         4
 Lightning Bolt           Conj/Air       8%         1d21      65%         5
 Petrify                  Tmut/Erth      2%         N/A       80%         4
 Summon Ice Beast         Ice/Summ       2%         N/A       80%         4
 Fireball                 Conj/Fire      6%         3d5       83%         5
 Lee's Rapid Deconstruct  Erth           1%         3d5*      98%         5
 Manifold Assault         Tloc           2%         N/A       98%         5


Dungeon Overview and Level Annotations

Branches:
Dungeon (10/15)            Temple (1/1) D:5            Lair (2/6) D:10
  Swamp: Lair:2-4    Shoals: Lair:2-4     Snake: Lair:2-4    Spider: Lair:2-4
    Orc: D:9-12

Altars:
Ashenzari
Cheibriados
Dithmenos
Elyvilon
Fedhas
Gozag
Hepliaklqana
Kikubaaqudgha
Makhleb
Nemelex Xobeh
Okawaru
Qazlal
Ru
Sif Muna
Trog
Uskayaw
Vehumet
Wu Jian
Xom
Yredelemnul
Zin
The Shining One

Annotations:
D:10 3 runed translucent doors, derath95's ghost, journeyman GrEE


Innate Abilities, Weirdness & Mutations

You are very small and have problems with some larger weapons.
You are too small for most types of armour.
You have supernaturally acute eyesight. (SInv)
You cover ground extremely quickly. (Speed+++)


Message History

The elephant is almost dead.
You barely miss the elephant.
The elephant is almost dead.
The elephant completely misses you. x2
You hit the elephant but do no damage.
The elephant is almost dead.
You catch the helpless elephant completely off-guard!
You stick the elephant like a pincushion!!!
You kill the elephant!
Casting: Confusing Touch (dangerous; 2% risk of failure)
Confirm with . or Enter, or press ? or * to list all spells.
Your hands begin to glow red.
You hit the elephant but do no damage.
The elephant is lightly wounded.
You hit the elephant but do no damage.
The elephant is lightly wounded.
The elephant tramples you!
* * * LOW HITPOINT WARNING * * *
You hold your ground!
The elephant misses you.
The merfolk cries.
You hit the elephant but do no damage.
The elephant is lightly wounded.
You feel much better. The elephant tramples you!
* * * LOW HITPOINT WARNING * * *
You hold your ground!
The elephant trunk-slaps you but does no damage.
You hit the elephant but do no damage.
The elephant is lightly wounded.
The merfolk seems less confused.
The elephant tramples you!
* * * LOW HITPOINT WARNING * * *
You hold your ground!
The elephant trunk-slaps you but does no damage.
Aiming: Corrosive Bolt
Press: ? - help, Shift-Dir - straight line, f - merfolk
Aim: a merfolk, wielding a +0 trident (almost dead, chance to confuse on hit: 43%, 64% to hit)
The bolt of acid hits the elephant!
The elephant is splashed with acid.
The acid corrodes the elephant!
The elephant is moderately wounded.
The bolt of acid misses the merfolk.
The elephant tramples you!
You die...

..........#
##.##..
.........##
.
.........#
.........#
#..P###.##
### #. #.
### #@# #Y#
#m# #†# ...
.....
.......
####.#...
#####.#


You could see an elephant (corroded) and a merfolk.

Vanquished Creatures
  Harold (D:10)
  A two-headed ogre (D:10)
  Pikel (D:6)
  2 elephants (Lair:2)
  A black mamba (Lair:1)
  A cane toad (Lair:1)
  2 ice devils (Lair:1)
  A troll (D:10)
  27 yaks
  A vampire (D:10)
  3 wyverns
  2 basilisks (Lair:1)
  2 steam dragons
  An acid dragon (D:8)
  4 water moccasins
  A black bear (D:6)
  2 orc warriors
  A sky beast (D:6)
  An ice beast (D:8)
  A necrophage (D:7)
  An ogre (D:6)
  4 wolves
  7 centaurs
  A phantom (D:4)
  2 kobold brigands
  13 bullfrogs
  2 scorpions (D:5)
  5 howler monkeys
  4 electric eels (D:10)
  2 centaur zombies
  A bullfrog zombie (D:6)
  7 hounds
  A jelly (D:5)
  2 orc priests (D:9)
  A bullfrog skeleton (D:5)
  2 centaur skeletons
  Jessica (D:3)
  2 iguanas
  8 orc wizards
  A killer bee zombie (D:6)
  A howler monkey skeleton (D:6)
  2 howler monkey zombies
  3 adders
  An adder skeleton (D:4)
  A worm (D:3)
  11 orcs
  3 endoplasms
  6 giant cockroaches
  2 goblins
  3 hobgoblins
  4 jackals (D:4)
  3 quokkas
  3 ball pythons
  3 bats
  4 frilled lizards
  14 kobolds
  6 rats
193 creatures vanquished.

Vanquished Creatures (others)
  290 foxfires
  9 fungi
  14 plants
313 creatures vanquished.

Grand Total: 506 creatures vanquished

Notes
Turn   | Place    | Note
-------+----------+-------------------------------------------
     0 | D:1      | Strat the Spriggan Fire Elementalist began the quest for
                  | the Orb.
     0 | D:1      | Reached XP level 1. HP: 9/9 MP: 5/5
   250 | D:1      | Found a faded altar of an unknown god.
   553 | D:1      | Reached XP level 2. HP: 13/13 MP: 2/6
  1409 | D:2      | Reached XP level 3. HP: 16/16 MP: 4/8
  1822 | D:3      | Reached skill level 5 in Dodging
  1900 | D:3      | Reached XP level 4. HP: 15/21 MP: 3/9
  2025 | D:3      | Learned a level 3 spell: Conjure Flame
  2067 | D:3      | Noticed Ijyb
  2373 | D:4      | Noticed a phantom
  2390 | D:4      | Killed a phantom
  2391 | D:4      | Reached XP level 5. HP: 6/24 MP: 1/10
  3619 | D:3      | Noticed Jessica
  3633 | D:3      | Killed Jessica
  3634 | D:3      | Reached skill level 1 in Fighting
  3825 | D:3      | Noticed Ijyb
  3825 | D:3      | Ijyb changed into Ijyb the bullfrog
  3832 | D:3      | Killed Ijyb the bullfrog
  3833 | D:3      | Reached skill level 4 in Stealth
  3833 | D:3      | Reached XP level 6. HP: 13/30 MP: 3/11
  4184 | D:5      | Entered Level 5 of the Dungeon
  4187 | D:5      | Found a staircase to the Ecumenical Temple.
  4200 | Temple   | Entered the Ecumenical Temple
  4351 | Temple   | Became a worshipper of Uskayaw the Reveller
  4371 | D:5      | Reached * piety under Uskayaw
  4463 | D:5      | Reached ** piety under Uskayaw
  4696 | D:5      | Identified the +0 robe of the Mind {rCorr Int+3}
  4816 | D:5      | Reached skill level 5 in Stealth
  5089 | D:5      | Noticed an orc warrior
  5200 | D:5      | Killed an orc warrior
  5201 | D:5      | Reached XP level 7. HP: 32/35 MP: 9/12
  5653 | D:5      | Reached skill level 6 in Stealth
  6137 | D:6      | Reached skill level 7 in Stealth
  6434 | D:6      | Learned a level 3 spell: Mephitic Cloud
  6437 | D:6      | Learned a level 2 spell: Poisonous Vapours
  6447 | D:6      | Noticed Pikel
  6466 | D:6      | Killed Pikel
  6467 | D:6      | Reached XP level 8. HP: 28/40 MP: 8/13
  7160 | D:6      | Reached skill level 5 in Poison Magic
  7472 | D:7      | Reached skill level 1 in Conjurations
  7772 | D:7      | Reached XP level 9. HP: 43/45 MP: 8/14
  7835 | D:7      | Reached *** piety under Uskayaw
  8298 | D:8      | Reached skill level 8 in Stealth
  8490 | D:8      | Reached skill level 10 in Dodging
  8507 | D:8      | Reached **** piety under Uskayaw
  8518 | D:8      | Reached ***** piety under Uskayaw
  8522 | D:8      | Reached skill level 9 in Stealth
  8661 | D:8      | Reached skill level 5 in Fighting
  8744 | D:8      | Reached skill level 10 in Stealth
  9167 | D:9      | Reached skill level 1 in Short Blades
  9822 | D:9      | Reached XP level 10. HP: 48/51 MP: 9/15
  9883 | D:9      | Reached skill level 5 in Air Magic
  9887 | D:9      | Reached ****** piety under Uskayaw
 10159 | D:9      | Reached skill level 5 in Short Blades
 10308 | D:9      | Found a sparkling altar of Nemelex Xobeh.
 10308 | D:9      | Found a hazy altar of Hepliaklqana.
 10654 | D:10     | Entered Level 10 of the Dungeon
 10685 | D:10     | Noticed a two-headed ogre
 10696 | D:10     | Killed a two-headed ogre
 11126 | D:10     | Identified the Almanac of Gliding Hexes
 11137 | D:10     | Learned a level 3 spell: Confusing Touch
 11140 | D:10     | Learned a level 2 spell: Ensorcelled Hibernation
 11166 | D:10     | Reached skill level 1 in Hexes
 11369 | D:10     | Reached XP level 11. HP: 55/55 MP: 13/16
 11483 | D:10     | Found a staircase to the Lair.
 11490 | D:10     | Found a runed translucent gate.
 11491 | D:10     | Found a runed translucent gate.
 11492 | D:10     | Found a runed translucent gate.
 11496 | D:10     | Noticed derath95's ghost (journeyman GrEE)
 12017 | D:10     | Noticed Harold
 12041 | D:10     | Killed Harold
 12042 | D:10     | Reached skill level 5 in Hexes
 12226 | D:10     | Noticed a sea snake
 12274 | D:10     | Noticed a sea snake
 12276 | D:10     | Noticed a sea snake
 12456 | D:10     | Reached skill level 10 in Short Blades
 12585 | Lair:1   | Entered Level 1 of the Lair of Beasts
 13346 | Lair:1   | Found a frozen archway.
 13634 | Lair:1   | Reached skill level 11 in Stealth
 13879 | Lair:2   | Noticed an eight-headed hydra
 13932 | Lair:2   | Noticed a death yak
 13932 | Lair:2   | Noticed a death yak
 13932 | Lair:2   | Noticed a death yak
 13969 | Lair:2   | Upgraded the game from 0.27-a0-1177-g245c70e1c0 to
                  | 0.27-a0-1181-g5f64966fcc
 13972 | Lair:2   | Reached skill level 12 in Stealth
 14097 | Lair:1   | HP: 2/56 [poisoned by a cane toad]
 14395 | Lair:2   | Slain by an elephant

Illustrated notes

Levels and vault maps discovered:
D:1:      dpeg_arrival_windows_large_door, layout_basic,
          chequers_ecumenical_altar_grove
D:2:      layout_loops_ring
D:3:      layout_rooms, cheibrodos_sewer_entry_bend, uniq_jessica, uniq_ijyb,
          uniq_grinder
D:4:      layout_gridville
D:5:      layout_basic, minmay_temple_entry_stoned_glass
D:6:      layout_cave_pods, hellmonk_bongcloud_opening, minmay_misc_feat_iff,
          minivault_11, dk_noncrumbling_4,
          hangedman_abyss_or_decor_jellyfish_corner, minmay_misc_feat_encased,
          uniq_pikel
D:7:      layout_basic, item_on_display_a
D:8:      layout_loops_ring, serial_bayou_pond_b, minmay_evil_grid
D:9:      layout_roguey, gammafunk_temple_overflow_statue,
          minmay_fractal_squares_diagonal_5
D:10:     layout_loops_ring, erik_lair_island, serial_aquarium,
          aquarium_bridge_square [aquarium_subvault_wall,
          aquarium_subvault_window, aquarium_subvault_bridge,
          aquarium_subvault_window], aquarium_bridge_straight
          [aquarium_subvault_bridge, aquarium_subvault_wall,
          aquarium_subvault_bridge, aquarium_subvault_window],
          aquarium_window_1, aquarium_window_2, aquarium_window_1,
          aquarium_view_2b, aquarium_view_2d, aquarium_balcony_double_3,
          aquarium_pool_S, gammafunk_ghost_spectres, uniq_harold
Temple:   regret_index_temple_chain_breaker
Lair:1:   layout_long_grid, portal_ice_cave_demonic_guard, beast_lair_carwin_9
Lair:2:   layout_gridlike, elwin_shoals_entry_stream

Skill      XL: |  1  2  3  4  5  6  7  8  9 10 11 |
---------------+----------------------------------+-----
Dodging        | 3 4 5 7 8 9 10 | 10.0
Fighting       | 1 2 3 5 |  5.7
Stealth        | 4 5 7 10 12 | 12.3
Air Magic      | 3 4 5 |  5.0
Poison Magic   | 3 5 6 |  6.0
Conjurations   | 1 2 |  2.0
Short Blades   | 2 9 10 | 10.0
Hexes          | 3 7 |  7.0
Spellcasting   | |  2.6
Fire Magic     | |  2.4

Action                   |  1- 3 |  4- 6 |  7- 9 | 10-12 || total
-------------------------+-------+-------+-------+-------++-------
Melee: Short sword       |    10 |     8 |       |       ||    18
       Dagger            |       |    26 |   275 |   337 ||   638
Throw: Dart              |       |     6 |     3 |       ||     9
       Throwing net      |       |     1 |       |       ||     1
 Cast: Foxfire           |    53 |    75 |    34 |     1 ||   163
       Mephitic Cloud    |       |       |    15 |    24 ||    39
       Poisonous Vapours |       |       |     4 |     2 ||     6
       Confusing Touch   |       |       |       |    10 ||    10
Evoke: Wand              |       |     1 |     1 |    15 ||    17
  Use: Scroll            |       |     9 |    11 |     6 ||    26
       Potion            |       |       |     2 |     3 ||     5
 Stab: Sleeping          |     1 |     1 |    11 |     7 ||    20
       Distracted        |       |     1 |       |       ||     1
       Confused          |       |       |    16 |    29 ||    45
       Paralysed         |       |       |     5 |    10 ||    15
Armor: Robe              |     7 |    17 |    24 |    12 ||    60
Dodge: Dodged            |    42 |    78 |   240 |   177 ||   537

Table legend: (Time is in decaauts)
 A = Elapsed time spent in this place.
 B = Non-inter-level travel time spent in this place.
 C = Inter-level travel time spent in this place.
 D = Time resting spent in this place.
 E = Time spent auto-exploring this place.
 F = Levels seen in this place.
 G = Mean time per level.
                   A        B        C        D        E       F      G
               +--------+--------+--------+--------+--------+-----+--------+
         Total |  11023 |  10794 |    229 |   2733 |   5833 |  13 |  847.9 |
       Dungeon |   9604 |   9402 |    202 |   2399 |   5091 |  10 |  960.4 |
        Temple |    100 |     82 |     18 |      0 |     49 |   1 |  100.0 |
          Lair |   1319 |   1311 |      8 |    334 |    693 |   2 |  659.5 |
               +--------+--------+--------+--------+--------+-----+--------+

Top non-repeatable levels by time:
     D:9: 1395 daAuts
    D:10: 1298 daAuts
     D:4: 1247 daAuts
     D:5: 1236 daAuts
     D:6: 1175 daAuts
  Lair:1: 1106 daAuts
     D:3: 700 daAuts
     D:1: 673 daAuts
     D:7: 672 daAuts
     D:2: 624 daAuts
     D:8: 580 daAuts
  Lair:2: 213 daAuts
  Temple: 100 daAuts
